AoeStats
← Dravogh

Oasis

508914281Analyzed
2v2 RM · 9d ago on Sep 24, 2026· 65m 3s· 4 players
Game mode
Random Map
Map size
Medium (4 player)
Population
200
Speed
Normal
Resources
Standard
Victory
Conquest
Starting age
Dark Age
Ending age
Imperial Age
RankedLock teamsTeams togetherTeam positionsShared explorationLock speedFull tech treeHidden civsTurbo modeCheats
Victory
Defeat
🇵🇱 Teutons · Poland
1357
+16
🇵🇱 Mapuche · Poland
1329
+17
🇩🇪 Franks · Germany
1360
-16
🇩🇪 Armenians · Germany
1359
-17
Rat
7:58 Loom
10:12 Feudal Age
15:02 Castle Age
16:19 Fletching
24:49 Bodkin Arrow
25:06 Champi Runner
27:42 Ballistics
28:20 Double-Bit Axe
28:52 Champi Warrior
29:38 Horse Collar
30:23 Scale Mail Armor
33:07 Forging
38:19 Padded Archer Armor
42:48 Imperial Age
40:50 Malon
43:58 Conscription
43:57 Elite Skirmisher
46:14 Chemistry
45:02 Elite Bolas Rider
46:15 Conscription
49:51 Leather Archer Armor
Dravogh
5:49 Loom
11:02 Feudal Age
11:02 Loom
15:41 Castle Age
14:18 Double-Bit Axe
15:20 Horse Collar
15:55 Scale Barding Armor
16:51 Bow Saw
21:55 Forging
22:01 Bloodlines
25:16 Iron Casting
25:08 Heavy Plow
26:47 Fletching
26:58 Padded Archer Armor
28:49 Chain Barding Armor
29:41 Gold Mining
29:41 Stone Mining
29:25 Elite Skirmisher
30:22 Leather Archer Armor
31:30 Bodkin Arrow
31:37 Town Watch
32:42 Wheelbarrow
33:06 Ballistics
33:46 Masonry
36:51 Imperial Age
38:32 Chemistry
37:21 Cavalier
39:13 Plate Barding Armor
39:39 Blast Furnace
39:12 Crenellations
39:17 Hand Cart
40:29 Ring Archer Armor
40:53 Devotion
40:35 Paladin
43:48 Siege Engineers
49:38 Conscription
49:54 Hoardings
52:50 Scale Mail Armor
54:18 Chain Mail Armor
58:11 Plate Mail Armor
61:30 Elite Teutonic Knight
DerZerfetzer
7:44 Loom
10:09 Feudal Age
10:22 Man-at-Arms
11:12 Double-Bit Axe
11:49 Long Swordsman
16:14 Arson
22:36 Castle Age
20:23 Horse Collar
21:44 Forging
21:34 Scale Mail Armor
23:10 Wheelbarrow
22:56 Gold Mining
23:37 Fletching
23:47 Padded Archer Armor
23:48 Gambesons
24:04 Squires
23:52 Elite Skirmisher
25:18 Bodkin Arrow
26:16 Chain Mail Armor
28:33 Two-Handed Swordsman
29:42 Bow Saw
31:38 Town Watch
34:18 Hand Cart
35:59 Ballistics
37:14 Town Watch
39:12 Champion
41:22 Iron Casting
41:02 Leather Archer Armor
44:25 Imperial Age
43:53 Leather Archer Armor
45:56 Plate Mail Armor
45:28 Bracer
47:47 Coinage
48:15 Ring Archer Armor
48:53 Blast Furnace
48:45 Fereters
60:51 Chemistry
DerZerSchlachta
4:56 Loom
9:03 Feudal Age
9:45 Double-Bit Axe
15:59 Wheelbarrow
19:42 Castle Age
19:22 Fletching
24:02 Bow Saw
23:51 Bodkin Arrow
28:34 Hand Cart
30:37 Stone Mining
30:37 Gold Mining
36:47 Imperial Age
34:02 Ordonnance Companies
35:29 Ballistics
35:56 Padded Archer Armor
36:48 Cranequins
37:50 Leather Archer Armor
39:17 Heavy Mounted Crossbowman
43:00 Conscription
44:33 Siege Engineers
44:51 Scale Barding Armor
44:57 Forging
45:14 Scale Mail Armor
45:25 Cavalier
46:06 Husbandry
46:39 Paladin
48:17 Chain Barding Armor
48:33 Iron Casting
55:38 Scale Mail Armor
Connection lost

Rejoining the realm…

Still unreachable

The connection could not be restored.

Session expired

The server has moved on; the page needs a fresh start.